 Dungeon Crawl Stone Soup version 0.31-a0-960-g0fca184906 (webtiles) character file.

Game seed: 11974406860909079532

22 Azuregosa the Sneak (level 2, 0/21 HPs)
             Began as an Octopode Delver on Oct 23, 2023.
             Slain by an orc wizard
             ... wielding a +0 dagger
              (5 damage)
             ... on level 4 of the Dungeon.
             The game lasted 00:01:28 (173 turns).

Azuregosa the Sneak (Octopode Delver)                Turns: 173, Time: 00:01:29

Health: 0/21       AC:  1    Str: 11    XL:     2   Next: 91%
Magic:  2/2        EV: 13    Int: 12    God:
Gold:   14         SH:  0    Dex: 13    Spells: 1/1 levels left

rFire   . . .        a - +0 spear
rCold   . . .        (no shield)
rNeg    . . .        (helmet restricted)
rPois   .            (no amulet)
rElec   .            (no ring)
rCorr   .            (no ring)
SInv    .            (no ring)
Will    .....        (no ring)
Stlth   ++           (no ring)
HPRegen 0.23/turn    (no ring)
MPRegen 0.08/turn    (no ring)
                     (no ring)

%: no passive effects
@: confused
A: almost no armour, amphibious, 8 rings, camouflage 1, gelatinous body 1,
(nimble swimmer 1), tentacles
a: no special abilities


You were on level 4 of the Dungeon.
You visited 1 branch of the dungeon, and saw 2 of its levels.

You collected 14 gold pieces.

Inventory:

Hand Weapons
 a - a +0 spear (weapon)
Wands
 f - a wand of digging (3)
Scrolls
 b - a scroll of fog
 d - a scroll of fear
Potions
 c - a potion of heal wounds {unknown}
 e - a potion of haste


   Skills:
 + Level 3.5 Fighting
 + Level 2.7 Polearms
 - Level 2.0 Dodging
 - Level 6.6 Stealth


You had one spell level left.
You didn't know any spells.
Your spell library was empty.

Dungeon Overview and Level Annotations

Branches:
Dungeon (5/15)
 Temple: D:4-7

Altars:

Shops:
D:4 [


Innate Abilities, Weirdness & Mutations

You cannot wear most types of armour.
You are amphibious.
You can wear up to eight rings at the same time.
Your skin changes colour to match your surroundings (Stealth+).
Your rubbery body absorbs attacks. (AC +1, EV +1)
((You are camouflaged when in or above water. (Stealth+)))
You have tentacles for arms and can constrict up to eight enemies at once.


Message History

The orc attacks as it pursues you! The orc barely misses you.
The orc misses you. The orc attacks as it pursues you! The orc misses you.
You hit the orc. You grab the orc.
The orc is severely wounded.
You constrict the orc, but do no damage.
The orc closely misses you.
You hit the orc but do no damage. You squeeze the orc.
The orc is almost dead.
You constrict the orc, but do no damage.
The orc hits you with a +0 short sword.
You hit the orc but do no damage. You squeeze the orc.
You kill the orc!
You barely miss the orc. You grab the orc. You constrict the orc.
The orc barely misses you.
You barely miss the orc.
The orc is lightly wounded.
You constrict the orc. The orc hits you with a +0 club.
You hit the orc.
The orc is almost dead.
You constrict the orc.
You kill the orc!
You closely miss the orc. Your grab misses the orc. You miss something.
You closely miss something. Your squeeze misses something.
You hear some strange, mumbled words.
You are confused.
You hit something but do no damage. Your squeeze misses something.
Something hits you.
You bump into the rock wall.
Something hits you.
You bump into the rock wall.
Something hits you.
You miss something.
An orc priest comes into view. It is wielding a +0 club.
Something hits you.
The orc priest shouts!
You hit something but do no damage. Your squeeze misses something.
Something hits you.
* * * LOW HITPOINT WARNING * * *
You bump into the rock wall.
Something hits you.
You die...

.# ####### #.# .....
#.. ... ###.. #.# S#
...#.## #@# .#
#....#### ##{##.#
####....######.oo#.#
#...†......##......###
#.#.###..............#
#.#.#
####......o>...####
..#.# #............∩..
####.# ##..........###
####.#### ##.........#


You could see an orc priest and 2 orcs.

Vanquished Creatures
  An adder (D:4)
  2 orcs (D:4)
  2 endoplasms (D:4)
  A giant cockroach (D:4)
  2 quokkas (D:4)
  2 kobolds (D:4)
10 creatures vanquished.

Notes
Turn   | Place    | Note
-------+----------+-------------------------------------------
     0 | D:5      | Azuregosa the Octopode Delver began the quest for the Orb.
     0 | D:5      | Reached XP level 1. HP: 16/16 MP: 1/1
   126 | D:4      | Reached XP level 2. HP: 21/21 MP: 2/2
   146 | D:4      | Found Beguw's Antique Armour Emporium.
   173 | D:4      | Slain by an orc wizard

Illustrated notes

Levels and vault maps discovered:
D:4:      layout_loops_ring, serial_shops, shop, hangedman_decor_diamond_cutter
D:5:      layout_cave_pods, chequers_serial_rivers_micro_c

Action                     || total
---------------------------++-------
  Melee: Spear             ||    30
         Tentacles         ||     4
         Constrict         ||     4
         Punch             ||     1
    Use: Scroll            ||     1
   Stab: Sleeping          ||     4
 Armour: Skin              ||    14
  Dodge: Dodged            ||    15

Table legend: (Time is in decaauts)
 A = Elapsed time spent in this place.
 B = Non-inter-level travel time spent in this place.
 C = Inter-level travel time spent in this place.
 D = Time resting spent in this place.
 E = Time spent auto-exploring this place.
 F = Levels seen in this place.
 G = Mean time per level.
                   A        B        C        D        E       F      G
               +--------+--------+--------+--------+--------+-----+--------+
         Total |    172 |    172 |      0 |      0 |     61 |   2 |   86.0 |
       Dungeon |    172 |    172 |      0 |      0 |     61 |   2 |   86.0 |
               +--------+--------+--------+--------+--------+-----+--------+

Top non-repeatable levels by time:
     D:4: 149 daAuts
     D:5: 23 daAuts
